 Dungeon Crawl Stone Soup version 0.25-a0-1126-g5fd7b56c60 (webtiles) character file.

Game seed: 16160947188124049528, levelgen mode: deterministic

909 1994 the Twirler (level 7, -1/55 HPs)
             Began as a Demonspawn Gladiator on May 19, 2020.
             Killed by divine providence
             ... invoked by an orc priest
              (12 damage)
             ... on level 5 of the Dungeon.
             The game lasted 00:09:47 (6975 turns).

1994 the Twirler (Demonspawn Gladiator)             Turns: 6975, Time: 00:09:48

Health: -1/55      AC:  9    Str: 14    XL:     7   Next: 81%
Magic:  7/7        EV: 13    Int:  9    God:
Gold:   191        SH:  0    Dex: 17    Spells: 6/6 levels left

rFire    . . .     SeeInvis .   a - +0 quarterstaff
rCold    . . .     Gourm    .   (shield currently unavailable)
rNeg     . . .     Faith    .   t - +0 ring mail
rPois    .         Spirit   .   (helmet restricted)
rElec    .         Reflect  .   (no cloak)
rCorr    .         Harm     .   (no gloves)
MR       .....                  s - +0 pair of boots
Stlth    ++........             (no amulet)
HPRegen  0.18/turn              (no ring)
MPRegen  0.10/turn              (no ring)

@: no status effects
A: horns 1, yellow scales 2, demonic guardian 1, nightstalker 1
a: no special abilities


You were on level 5 of the Dungeon.
You were not hungry.

You visited 1 branch of the dungeon, and saw 5 of its levels.

You collected 191 gold pieces.

Inventory:

Hand Weapons
 a - a +0 quarterstaff (weapon)
 n - a +0 hunting sling
Missiles
 d - 5 throwing nets
 i - 9 poisoned darts (quivered)
 l - 8 atropa-tipped darts
 p - 128 stones
 v - 56 sling bullets
Armour
 s - a +0 pair of boots (worn)
 t - a +0 ring mail (worn)
Jewellery
 m - an uncursed ring of magical power {unknown}
 o - a +4 ring of protection {unknown}
 E - an uncursed ring of flight {unknown}
Wands
 D - a wand of digging (5)
Scrolls
 e - 2 scrolls of enchant armour {unknown}
 h - 3 scrolls of remove curse {unknown}
 j - a scroll of enchant weapon {unknown}
 k - 7 scrolls of identify {unknown}
 r - 5 scrolls of fear {unknown}
 u - a scroll of teleportation {unknown}
 w - 2 scrolls of random uselessness {unknown}
 x - a scroll of fog {unknown}
 y - a scroll of magic mapping {unknown}
 C - a scroll of amnesia {unknown}
Potions
 c - a potion of might {unknown}
 g - 4 potions of curing {unknown}
 q - 2 potions of flight {unknown}
 z - a potion of stabbing {unknown}
 A - a potion of lignification {unknown}
 B - a potion of brilliance {unknown}
 F - a potion of ambrosia {unknown}
Comestibles
 b - 5 chunks of flesh
 f - 8 rations


   Skills:
 + Level 4.7 Fighting
 * Level 6.3 Staves
 - Level 1.7 Throwing
 + Level 4.8 Dodging
 + Level 1.1 Stealth


You had 6 spell levels left.
You didn't know any spells.
Your spell library was empty.

Dungeon Overview and Level Annotations

Branches:
Dungeon (5/15)
 Temple: D:4-7

Altars:
Ru
The Shining One


Innate Abilities, Weirdness & Mutations

You have a pair of small horns on your head.
You are mostly covered in yellow scales. (AC +3)
A weak demonic guardian rushes to your aid.
You are slightly more attuned to the shadows.


Message History

Unknown command.
Unknown command.
Unknown command.
You closely miss the orc priest.
You headbutt the orc priest, but do no damage.
The orc priest is severely wounded.
The orc warrior closely misses you. Something hits you but does no damage.
Your shadow imp gestures at the orc priest.
The orc priest writhes in agony!
The orc priest dies!
Unknown command.
Unknown command.
The orc warrior throws a boomerang.
The boomerang hits you!
* * * LOW HITPOINT WARNING * * *
The weapon returns to the orc warrior!
Your shadow imp hits the quokka zombie.
Something hits you but does no damage.
Your shadow imp closely misses the orc warrior.
The orc priest invokes the aid of Beogh against you.
Beogh smites you!
You die...

#...... ..... # .
#.....# #. #o.w#.##
#..##oZ5..# #.....o# .#
#.###{.# .# #......#..#
######@#..# #.....#
#####..#..# ..........#
###.......#
........>.#############
####.#.................
##.#..........######.
#.............# #รท


You could see an orc warrior, an orc priest, a dart slug, an orc, a quokka
zombie and a friendly shadow imp (summoned).

Vanquished Creatures
  Eustachio (D:5)
  An ogre (D:3)
  2 hounds
  3 gnoll shamans (D:3)
  An orc wizard (D:5)
  A worker ant (D:4)
  Robin (D:2)
  32 gnolls (D:3)
  An adder (D:2)
  2 oozes
  An adder skeleton (D:4)
  A dart slug (D:1)
  A worm (D:4)
  A leopard gecko (D:1)
  2 orcs (D:4)
  A ball python (D:1)
  4 giant cockroaches
  12 goblins
  12 hobgoblins
  22 jackals
  2 quokkas (D:3)
  6 bats
  3 frilled lizards
  3 kobolds
  13 rats
129 creatures vanquished.

Vanquished Creatures (collateral kills)
  An orc priest (D:5)
  Terence (D:2)
  5 gnolls (D:3)
  An ooze (D:2)
  A goblin (D:2)
9 creatures vanquished.

Grand Total: 138 creatures vanquished

Notes
Turn   | Place    | Note
-------+----------+-------------------------------------------
     0 | D:1      | 1994 the Demonspawn Gladiator began the quest for the Orb.
     0 | D:1      | Reached XP level 1. HP: 16/16 MP: 1/1
   256 | D:1      | Reached skill level 3 in Staves
   256 | D:1      | Gained mutation: A weak demonic guardian rushes to your
                  | aid. [demonic ancestry]
   256 | D:1      | Reached XP level 2. HP: 16/22 MP: 2/2
  1284 | D:2      | Noticed Terence
  1289 | D:2      | Gained mutation: You are partially covered in yellow
                  | scales. (AC +2) [demonic ancestry]
  1289 | D:2      | Reached XP level 3. HP: 25/28 MP: 3/3
  1293 | D:2      | Killed Terence
  1739 | D:2      | Noticed Robin
  1930 | D:1      | Gained mutation: You are slightly more attuned to the
                  | shadows. [demonic ancestry]
  1930 | D:1      | Reached XP level 4. HP: 34/34 MP: 4/4
  1943 | D:2      | Killed Robin
  2417 | D:3      | Found a glowing golden altar of the Shining One.
  2425 | D:3      | Reached skill level 4 in Staves
  3095 | D:3      | Gained mutation: You are mostly covered in yellow scales.
                  | (AC +3) [demonic ancestry]
  3095 | D:3      | Reached XP level 5. HP: 34/41 MP: 5/5
  3931 | D:3      | Gained mutation: You have a pair of small horns on your
                  | head. [demonic ancestry]
  3931 | D:3      | Reached XP level 6. HP: 28/47 MP: 6/6
  4152 | D:3      | Reached skill level 5 in Staves
  5140 | D:3      | Reached XP level 7. HP: 16/54 MP: 7/7
  6409 | D:4      | Reached skill level 6 in Staves
  6589 | D:4      | Found a sacrificial altar of Ru.
  6794 | D:5      | Entered Level 5 of the Dungeon
  6829 | D:5      | Noticed Eustachio
  6863 | D:5      | Killed Eustachio
  6863 | D:5      | Reached skill level 1 in Stealth
  6975 | D:5      | Killed from afar by an orc priest

Illustrated notes

Levels and vault maps discovered:
D:1:      erik_arrival_triangle_small, layout_basic, st_stairs_2
D:2:      layout_basic, corexii_leaking_fountain, uniq_robin, uniq_terence
D:3:      lemuel_castle_with_subvaults [lemuel_castle_interior_carwin_1],
          layout_basic, overflow_temple_1_default, first_ration
D:4:      layout_basic, kennysheep_mini
D:5:      layout_basic, lemuel_coloured_pillars_altar,
          cheibrodos_sewer_entry_bend, uniq_ijyb, uniq_eustachio

Skill      XL: |  1  2  3  4  5  6  7 |
---------------+----------------------+-----
Staves         | 3 4 5 6 |  6.3
Dodging        | 3 4 |  4.8
Fighting       | 3 4 |  4.7
Stealth        | 1 |  1.1
Throwing       | |  1.7

Action                   |  1- 3 |  4- 6 |  7- 9 || total
-------------------------+-------+-------+-------++-------
Melee: Quarterstaff      |   121 |   299 |    93 ||   513
       Headbutt          |       |    17 |    17 ||    34
Throw: Dart              |       |     6 |     4 ||    10
 Stab: Sleeping          |       |     3 |     3 ||     6
  Eat: Chunk             |     3 |    11 |     6 ||    20
Armor: Leather armour    |    50 |   136 |     6 ||   192
       Ring mail         |       |       |    23 ||    23
Dodge: Dodged            |   120 |   310 |    51 ||   481

Table legend:
 A = Non-vault XP
 B = Vault XP
 C = Vault XP percentage of total XP
 D = Non-vault monster count
 E = Vault monster count
 F = Vault count percentage of total count
                 A         B        C        D         E       F
            +---------+---------+-------+---------+---------+-------
      Total |     322 |     977 |  75.2 |      67 |      71 |  51.4
            +---------+---------+-------+---------+---------+-------
        D:1 |      34 |      13 |  27.7 |      20 |       7 |  25.9
        D:2 |      50 |      46 |  47.9 |      20 |       8 |  28.6
        D:3 |      33 |     756 |  95.8 |      16 |      55 |  77.5
        D:4 |      94 |       0 |   0.0 |       7 |       0 |   0.0
        D:5 |     111 |     162 |  59.3 |       4 |       1 |  20.0
            +---------+---------+-------+---------+---------+-------
